 Dungeon Crawl Stone Soup version 0.18.1-48-g4cf74bf (webtiles) character file.

63 kosy22 the Magician (level 4, 0/37 HPs)
             Began as a Naga Wizard on Aug 18, 2016.
             Slain by atro's ghost (4 damage)
             ... on level 3 of the Dungeon.
             The game lasted 00:07:05 (1354 turns).

kosy22 the Magician (Naga Wizard)                   Turns: 1354, Time: 00:07:06

Health: 0/37       AC:  3    Str: 10    XL:     4   Next: 9%
Magic:  1/10       EV: 10    Int: 19    God:
Gold:   93         SH:  0    Dex:  9    Spells: 3 memorised, 6 levels left

rFire  . . .     SeeInvis +     i - +2 whip (elec)
rCold  . . .     Gourm    .     a - +0 robe
rNeg   . . .     Faith    .     (no shield)
rPois  +         Spirit   .     h - +0 helmet
rElec  .         Dismiss  .     (no cloak)
rCorr  .         Reflect  .     (no gloves)
SustAt .         Harm     .     (no barding)
MR     .....                    (no amulet)
Stlth  ++........               (no ring)
                                (no ring)

@: very slow, not resistant to hostile enchantments, unstealthy
A: see invisible, deformed body, poison resistance, slowness 2, slow metabolism
1, spit poison 2, AC +1
a: Spit Poison


You were on level 3 of the Dungeon.
You were not hungry.

You visited 1 branch of the dungeon, and saw 3 of its levels.

You collected 93 gold pieces.

Inventory:

Hand Weapons
 i - a +2 whip of electrocution (weapon)
Armour
 a - a +0 robe (worn)
 b - a +0 hat
 h - a +0 helmet (worn)
Scrolls
 e - a scroll of recharging {unknown}
 g - a scroll of identify
 j - a scroll of magic mapping {unknown}
 k - 2 scrolls of teleportation {unknown}
 l - a scroll of random uselessness {unknown}
 m - a scroll of enchant armour {unknown}
 n - a scroll of remove curse {unknown}
Potions
 f - 2 potions of cure mutation
 o - 2 potions of agility {unknown}
Books
 c - a book of Minor Magic

   Spells                             Type                      Level
   a - Magic Dart                     Conjuration                  1
   b - Blink                          Translocation                2
   c - Call Imp                       Summoning                    2
   d - Repel Missiles                 Charms/Air                   2
   e - Slow                           Hexes                        2
   f - Conjure Flame                  Conjuration/Fire             3
   g - Mephitic Cloud                 Conjuration/Poison/Air       3
Comestibles
 d - 2 chunks of flesh


   Skills:
 + Level 0.4 Fighting
 + Level 0.2 Maces & Flails
 + Level 1.7 Dodging
 + Level 3.2 Stealth
 + Level 4.1 Spellcasting
 + Level 1.5 Conjurations
 + Level 1.0 Summonings
 + Level 1.0 Translocations


You had 6 spell levels left.
You knew the following spells:

 Your Spells              Type           Power        Failure   Level  Hunger
a - Magic Dart            Conj           #...         10%         1    None
b - Blink                 Tloc           N/A          14%         2    ##.....
c - Call Imp              Summ           #.......     14%         2    ##.....


Dungeon Overview and Level Annotations

Branches:
Dungeon (3/15)

Altars:

Annotations:
D:3 atro's ghost, weakling CeHu


Innate Abilities, Weirdness & Mutations

You cannot wear boots.
Your serpentine skin is tough (AC +1).
You have supernaturally acute eyesight.
Armour fits poorly on your strangely shaped body.
Your system is resistant to poisons.
You cover ground very slowly.
You have a slow metabolism.
You can spit poison.


Message History

A bat comes into view.
The bat moves out of view.
Found a fizzy golden potion.
An adder comes into view.
Casting: Blink
Confirm with . or Enter, or press ? or * to list all spells.
You blink.
Atro's ghost closely misses you. Atro's ghost closely misses you.
There is an open door here.
Casting: Blink
Confirm with . or Enter, or press ? or * to list all spells.
Okay, then.
Unknown command.
Casting: Blink
Confirm with . or Enter, or press ? or * to list all spells.
You don't have enough magic to cast that spell.
Atro's ghost completely misses you. Atro's ghost hits you.
You die...

#.# #...# #†# #.#
#...# ######'##
###'########
#######.......#
#.......#
#....##...(..†##
#.......#
#....##....†...#
#....)..#
#....#######'#.#
#.......# #....#
#.#.#
###'##########....#
#.#.#
#>.......W@.†...#
#.#.#
#######'######+##
#.#.# #.......#
..#.# #.......#
#.#.. ####.......#
#.### #..........#
#.#........#
#.#.....####
S.#######


You could see atro's ghost.

Vanquished Creatures
  Terence (D:3)
  An ooze (D:1)
  2 dart slugs (D:1)
  A giant gecko (D:1)
  2 ball pythons
  3 giant cockroaches
  3 goblins
  4 hobgoblins
  3 bats
  4 giant newts
  4 kobolds
  4 rats
32 creatures vanquished.

Notes
Turn   | Place    | Note
--------------------------------------------------------------
     0 | D:1      | kosy22 the Naga Wizard began the quest for the Orb.
     0 | D:1      | Reached XP level 1. HP: 15/15 MP: 4/4
   284 | D:1      | Reached XP level 2. HP: 22/22 MP: 4/6
   369 | D:1      | Learned a level 2 spell: Blink
   720 | D:1      | Reached XP level 3. HP: 15/28 MP: 5/8
  1159 | D:3      | Learned a level 2 spell: Call Imp
  1249 | D:3      | Noticed Terence
  1253 | D:3      | Killed Terence
  1253 | D:3      | Reached skill level 4 in Spellcasting
  1253 | D:3      | Reached XP level 4. HP: 37/37 MP: 10/10
  1332 | D:3      | Noticed atro's ghost (weakling CeHu)
  1354 | D:3      | Slain by atro's ghost

Skill      XL: |  1  2  3 |
---------------+----------+-----
Spellcasting   | 4 |  4.1
Fighting       | |  0.4
Maces & Flails | |  0.2
Dodging        | |  1.7
Stealth        | |  3.2
Conjurations   | |  1.5
Summonings     | |  1.0
Translocations | |  1.0

Action                   |  1- 3 |  4- 6 || total
-------------------------+-------+-------++-------
Melee: Whip              |    40 |     8 ||    48
 Cast: Magic Dart        |    26 |     4 ||    30
       Blink             |     2 |     4 ||     6
       Call Imp          |     1 |       ||     1
  Use: Scroll            |     2 |       ||     2
 Stab: Sleeping          |     2 |       ||     2
  Eat: Bread ration      |     1 |       ||     1
Armor: Robe              |    10 |     1 ||    11
Dodge: Dodged            |    23 |    12 ||    35
